 Dungeon Crawl Stone Soup version 0.28-a0-1629-gf728b707aa (webtiles) character file.

Game seed: 17709930683273778380

39 hashsling the Poker (level 3, -1/30 HPs)
             Began as a Merfolk Monk on Jan 24, 2022.
             Succumbed to a scorpion's poison
             ... on level 2 of the Dungeon.
             The game lasted 00:05:43 (1510 turns).

hashsling the Poker (Merfolk Monk)                  Turns: 1510, Time: 00:05:43

Health: -1/30      AC:  2    Str: 11    XL:     3   Next: 45%
Magic:  3/3        EV: 14    Int: 11    God:
Gold:   71         SH:  0    Dex: 16    Spells: 2/2 levels left

rFire   . . .      SeeInvis .   a - +0 spear
rCold   . . .      Faith    .   (no shield)
rNeg    . . .      Spirit   .   b - +0 robe
rPois   .          Reflect  .   (no helmet)
rElec   .          Harm     .   (no cloak)
rCorr   .          Rampage  .   (no gloves)
Will    .....                   (no boots)
Stlth   ++........              (no amulet)
HPRegen 0.10/turn               (no ring)
MPRegen 0.08/turn               (no ring)

@: lethally poisoned (-1 -> -9)
A: (nimble swimmer 2), mertail
a: no special abilities


You were on level 2 of the Dungeon.
You visited 1 branch of the dungeon, and saw 2 of its levels.

You collected 71 gold pieces.

Inventory:

Hand Weapons
 a - a +0 spear (weapon)
Armour
 b - a +0 robe (worn)
Scrolls
 d - a scroll of fog {unknown}
 e - a scroll of enchant armour {unknown}
 f - a scroll of noise {unknown}
 h - a scroll of identify {unknown}


   Skills:
 + Level 3.9 Fighting
 + Level 5.1 Polearms
 + Level 4.7 Dodging
 - Level 2.1 Stealth


You had 2 spell levels left.
You didn't know any spells.
Your spell library was empty.

Dungeon Overview and Level Annotations

Branches:
Dungeon (2/15)

Altars:
Ashenzari

Shops:
D:1 :


Innate Abilities, Weirdness & Mutations

((You are very nimble when in or above water. (Stealth+, EV+, Speed+++)))
Your lower body shifts to a powerful aquatic tail in water.


Message History

It was a potion of magic.
Magic courses through your body. The scorpion barely misses you.
Okay, then.
Reach: a) +0 spear
Press: ? - help, Dir - move target, f/p - scorpion
Aim: a scorpion (lightly wounded, about 35% to evade your +0 spear)
You hit the scorpion.
The scorpion is moderately wounded.
The scorpion stings you. x2
You are poisoned.
The scorpion poisons you!
It was a potion of curing.
You feel better. The scorpion stings you!
Reach: a) +0 spear
Press: ? - help, Dir - move target, f/p - scorpion
Aim: a scorpion (moderately wounded, about 35% to evade your +0 spear)
You closely miss the scorpion.
The scorpion is moderately wounded.
The scorpion stings you!
* * * LOW HITPOINT WARNING * * *
Reach: a) +0 spear
Press: ? - help, Dir - move target, f/p - scorpion
Aim: a scorpion (moderately wounded, about 35% to evade your +0 spear)
You puncture the scorpion!
The scorpion is severely wounded.
The scorpion stings you but does no damage.
Reach: a) +0 spear
Press: ? - help, Dir - move target, f/p - scorpion
Aim: a scorpion (severely wounded, about 35% to evade your +0 spear)
You hit the scorpion but do no damage.
The scorpion is severely wounded.
The scorpion stings you.
* * * LOW HITPOINT WARNING * * *
You are lethally poisoned!
The scorpion poisons you!
Reach: a) +0 spear
Press: ? - help, Dir - move target, f/p - scorpion
Aim: a scorpion (severely wounded, about 35% to evade your +0 spear)
You hit the scorpion.
The scorpion is severely wounded.
You die...

..................#...
....##...########[....
... #.....## ##
...J##......#
#......_...#
##..g..w...#
##...JSg..#
.....###s##.... #####
#@# ###. #.......#
#....?..# #...$...#
#.......# #.......#
......[.# ..#####..


You could see a worm, a scorpion, an endoplasm, a goblin and a ball python.

Vanquished Creatures
  An adder (D:2)
  A worm (D:2)
  2 ball pythons
  2 bats
  3 endoplasms (D:1)
  A goblin (D:1)
  4 hobgoblins (D:1)
  3 jackals (D:1)
  5 kobolds (D:1)
  A rat (D:1)
23 creatures vanquished.

Notes
Turn   | Place    | Note
-------+----------+-------------------------------------------
     0 | D:1      | hashsling the Merfolk Monk began the quest for the Orb.
     0 | D:1      | Reached XP level 1. HP: 18/18 MP: 1/1
   140 | D:1      | Reached XP level 2. HP: 16/24 MP: 2/2
   444 | D:1      | Found Vexzej's Book Boutique.
   463 | D:1      | Found a faded altar of an unknown god.
   882 | D:2      | Reached skill level 5 in Polearms
   882 | D:2      | Reached XP level 3. HP: 3/30 MP: 3/3
  1481 | D:2      | Found a broken altar of Ashenzari.
  1486 | D:2      | Noticed a scorpion
  1509 | D:2      | HP: 1/30 [scorpion (5)]
  1510 | D:2      | Succumbed to a scorpion's poison

Illustrated notes

Levels and vault maps discovered:
D:1:      psy_arrival_dodecagon, layout_basic, serial_shops,
          nicolae_square_shop, dreamdust_ecumenical_altar_statues
D:2:      layout_rooms, basic_altar

Skill      XL: |  1  2 |
---------------+-------+-----
Polearms       | 5 |  5.1
Fighting       | |  3.9
Dodging        | |  4.7
Stealth        | |  2.1

Action                   || total
-------------------------++-------
Melee: Spear             ||   119
       Punch             ||     2
  Use: Potion            ||     2
 Stab: Sleeping          ||     3
Armor: Robe              ||    10
Dodge: Dodged            ||    72

Table legend: (Time is in decaauts)
 A = Elapsed time spent in this place.
 B = Non-inter-level travel time spent in this place.
 C = Inter-level travel time spent in this place.
 D = Time resting spent in this place.
 E = Time spent auto-exploring this place.
 F = Levels seen in this place.
 G = Mean time per level.
                   A        B        C        D        E       F      G
               +--------+--------+--------+--------+--------+-----+--------+
         Total |   1495 |   1480 |     15 |    379 |    894 |   2 |  747.5 |
       Dungeon |   1495 |   1480 |     15 |    379 |    894 |   2 |  747.5 |
               +--------+--------+--------+--------+--------+-----+--------+

Top non-repeatable levels by time:
     D:1: 1224 daAuts
     D:2: 271 daAuts
